 Dungeon Crawl Stone Soup version 0.31-a0-7-g51783674b7 (webtiles) character file.

Game seed: 15499134805933328296

68 scionoferis the Poker (level 4, -1/40 HPs)
             Began as a Naga Warper on May 5, 2023.
             Slain by Grinder (7 damage)
             ... while paralysed by Grinder
             ... on level 3 of the Dungeon.
             The game lasted 00:05:18 (1863 turns).

scionoferis the Poker (Naga Warper)                 Turns: 1863, Time: 00:05:19

Health: -1/40      AC:  3    Str: 15    XL:     4   Next: 19%
Magic:  7/7        EV:  1    Int: 14    God:
Gold:   91         SH:  0    Dex: 10    Spells: 7/7 levels left

rFire   + . .        a - +0 spear
rCold   + . .        (no shield)
rNeg    . . .        b - +0 leather armour
rPois   +            (no helmet)
rElec   +            s - +0 cloak
rCorr   +            (no gloves)
SInv    +            (no barding)
Will    .....        (no amulet)
Stlth   ++           (no ring)
HPRegen 0.26/turn    (no ring)
MPRegen 0.10/turn

%: no passive effects
@: paralysed, brilliant, resistant, attractive, flying, very slow
A: AC +1, large, see invisible, deformed body, poison resistance, slowness 2,
spit poison 1, naga tail 1
a: Spit Poison


You were on level 3 of the Dungeon.
You visited 1 branch of the dungeon, and saw 3 of its levels.

You collected 91 gold pieces.


Innate Abilities, Weirdness & Mutations

Your serpentine skin is tough. (AC +1)
You have supernaturally acute eyesight. (SInv)
Armour fits poorly on your strangely shaped body.
Your system is resistant to poisons. (rPois)
You cover ground very slowly.
You can spit poison.
You have a snake-like lower body.


   Skills:
 + Level 2.6 Fighting
 * Level 3.2 Polearms
 - Level 1.0 Throwing
 - Level 0.9 Armour
 - Level 1.6 Dodging
 + Level 2.2 Stealth
 - Level 2.0 Spellcasting
 - Level 3.0 Translocations


You had 7 spell levels left.
You didn't know any spells.
Your spell library contained the following spells:

 Spells                   Type           Power      Damage    Failure   Level
 Blink                    Tloc           30%        N/A       13%         2
 Lesser Beckoning         Tloc           30%        N/A       13%         2
 Teleport Other           Tloc           15%        N/A       26%         3
 Cigotuvi's Dreadful Rot  Necr/Pois/Air  4%         N/A       41%         2
 Poisonous Vapours        Pois/Air       4%         N/A       41%         2
 Vhi's Electric Charge    Tloc/Air       16%        N/A       43%         3
 Manifold Assault         Tloc           15%        N/A       63%         4
 Mephitic Cloud           Conj/Pois/Air  2%         N/A       65%         3
 Stone Arrow              Conj/Erth      4%         3d7       65%         3
 Animate Armour           Summ/Erth      4%         N/A       96%         4
 Dispel Undead            Necr           2%         3d7       96%         4
 Freezing Cloud           Conj/Ice/Air   1%         6-21      100%        5
 Death Channel            Necr           1%         N/A       100%        6
 Lehudib's Crystal Spear  Conj/Erth      1%         10d2      100%        8

Inventory:

Hand Weapons
 a - a +0 spear (weapon)
Missiles
 d - 3 boomerangs of dispersal (quivered)
 e - 2 curare-tipped darts
 n - 10 poisoned darts
Armour
 b - a +0 leather armour (worn)
 s - a +0 cloak (worn)
   (You found it on level 2 of the Dungeon)
Scrolls
 c - a scroll of blinking
 h - 2 scrolls of noise {unknown}
 j - a scroll of magic mapping {unknown}
 l - 2 scrolls of amnesia {unknown}
 o - 4 scrolls of identify {unknown}
 p - a scroll of fear {unknown}
 r - a scroll of summoning {unknown}

Dungeon Overview and Level Annotations

Branches:
Dungeon (3/15)

Altars:

Annotations:
D:3 Grinder

#########
........#
#.######.#
.......@.#
..#####5.#
#...ยง.###
#.#.....#
...[..###.#####..
...... #........
###.#.###.######.
#........#
#..#####.#


You could see Grinder.


Message History

Welcome, scionoferis the Naga Warper.
A smirking vizier told you that the Orb of Zot is just within this dungeon.
Press ? for a list of commands and other information.
Found two stairs.
You don't know any spells.
Okay, then.
You open the door.
An endoplasm comes into view.
The endoplasm quivers.
You reach to attack!
You hit the endoplasm.
The endoplasm is moderately wounded.
You barely miss the endoplasm.
The endoplasm is moderately wounded.
The endoplasm barely misses you.
You hit the endoplasm.
You kill the endoplasm!
No target in view!
A kobold comes into view. It is wielding a +0 dagger.
Found 2 curare-tipped darts.
The kobold shouts!
There is an open door here.
You start waiting.
A kobold is nearby!
You hit the kobold but do no damage. The kobold hits you with a +0 dagger.
You hit the kobold.
You kill the kobold!
No target in view!
No target in view!
There is an open door here.
You see here a +0 dagger.
Found an escape hatch in the floor.
A ball python comes into view.
Found 10 gold pieces.
You see here 2 curare-tipped darts.
e - 2 curare-tipped darts The ball python hisses angrily.
You reach to attack!
You hit the ball python.
The ball python is heavily wounded.
You hit the ball python.
You kill the ball python!
No target in view!
You now have 10 gold pieces.
Found a spear.
A dart slug comes into view.
Found a scale mail and a book of Armaments.
The dart slug launches a dart at you. The slug dart hits you.
You reach to attack!
You hit the dart slug but do no damage. You hit the dart slug.
The dart slug is moderately wounded.
The dart slug closely misses you.
You hit the dart slug.
The dart slug is almost dead.
You hit the dart slug.
You kill the dart slug!
Your Throwing skill increases to level 1!
No target in view!
You see here a dart slug corpse.
You see here a +0 scale mail.
HP restored.
You pick up a book of Armaments and begin reading...
You add the spells Stone Arrow, Animate Armour and Lehudib's Crystal Spear to your library.
Found a spear.
You pick up a book of Decay and begin reading...
You add the spells Cigotuvi's Dreadful Rot, Dispel Undead and Death Channel to your library.
Found a mace.
Found a war axe.
You see here a +0 mace.
A kobold comes into view. It is wielding a +0 short sword.
The kobold shouts!
You reach to attack!
You hit the kobold.
The kobold is severely wounded.
You hit the kobold.
You kill the kobold!
You have reached level 2!
You see here a +0 short sword.
f - a fuming grey potion A rat comes into view.
The rat moves out of view.
A rat is nearby!
You reach to attack!
You closely miss the rat. You hit the rat but do no damage.
The rat bites you but does no damage.
You hit the rat.
You kill the rat!
No target in view!
You see here a rat corpse.
A frilled lizard and a quokka come into view.
The frilled lizard hisses angrily.
A dart slug comes into view.
The quokka moves out of view.
You reach to attack!
You closely miss the frilled lizard. You closely miss the frilled lizard.
The frilled lizard bites you.
You barely miss the frilled lizard. The frilled lizard bites you.
You closely miss the frilled lizard. The frilled lizard barely misses you.
You hit the frilled lizard.
You kill the frilled lizard!
You barely miss the quokka. The quokka bites you. The quokka barely misses you.
You hit the quokka.
The quokka is severely wounded.
The quokka bites you.
You barely miss the quokka.
The quokka is severely wounded.
The quokka barely misses you.
You hit the quokka.
You kill the quokka!
Unknown command.
You hit the dart slug.
The dart slug is lightly wounded.
The dart slug bites you but does no damage.
You hit the dart slug.
The dart slug is heavily wounded.
You hit the dart slug.
The dart slug is almost dead.
The dart slug bites you.
You hit the dart slug.
You kill the dart slug!
No target in view!
An endoplasm comes into view.
Found a smoky inky potion.
The endoplasm quivers.
You reach to attack!
You hit the endoplasm.
The endoplasm is almost dead.
You hit the endoplasm.
You kill the endoplasm!
No target in view!
g - a smoky inky potion A hobgoblin comes into view.
The hobgoblin shouts!
You reach to attack!
You hit the hobgoblin.
The hobgoblin is lightly wounded.
You closely miss the hobgoblin.
The hobgoblin is lightly wounded.
The hobgoblin barely misses you.
You closely miss the hobgoblin.
The hobgoblin is lightly wounded.
The hobgoblin hits you.
You hit the hobgoblin.
The hobgoblin is heavily wounded.
The hobgoblin hits you.
A bat comes into view.
You hit the hobgoblin.
You kill the hobgoblin!
The bat completely misses you.
You hit the bat.
You kill the bat!
No target in view!
You now have 27 gold pieces (gained 17).
A rat comes into view.
The rat moves out of view.
You closely miss the rat. The rat bites you but does no damage.
You barely miss the rat. The rat bites you.
You hit the rat.
The rat is moderately wounded.
The rat bites you.
You hit the rat.
You kill the rat!
No target in view!
A goblin comes into view. It is wielding a +0 club.
The goblin shouts!
The goblin hits you with a +0 club.
You closely miss the goblin. The goblin hits you with a +0 club.
You barely miss the goblin. The goblin closely misses you.
You hit the goblin.
You kill the goblin!
No target in view!
Found 5 large rocks.
A goblin comes into view. It is wielding a +0 club.
Found a book of Vapours.
A ball python comes into view.
The goblin shouts!
The ball python hisses angrily.
You reach to attack!
You closely miss the goblin. You hit the goblin.
You kill the goblin!
Your Stealth skill increases to level 1!
You barely miss the ball python. The ball python barely misses you.
You hit the ball python.
The ball python is heavily wounded.
The ball python bites you.
Unknown command.
You hit the ball python.
You kill the ball python!
No target in view!
No target in view!
Things that are here:
a +0 club; a goblin corpse You pick up a book of Vapours and begin reading...
You add the spells Poisonous Vapours, Mephitic Cloud and Freezing Cloud to your library.
h - a scroll labelled CERUHA ZUGA
i - a brown potion
c - 2 scrolls of blinking (gained 1)
j - a scroll labelled MOGYCL HITWAGHOC
Found 8 stones.
Found a plate armour.
You see here a +0 plate armour.
A frilled lizard comes into view.
You reach to attack!
The helpless frilled lizard fails to defend itself.
You puncture the frilled lizard!
You kill the frilled lizard!
No target in view!
No target in view!
You see here a frilled lizard corpse.
A frilled lizard comes into view.
Found an emerald potion.
You barely miss the frilled lizard. The frilled lizard barely misses you.
You hit the frilled lizard.
You kill the frilled lizard!
No target in view!
k - an emerald potion
There is an escape hatch in the floor here.
l - a scroll labelled HACIOC ZAR VEM You see here 5 large rocks.
A rat comes into view.
You closely miss the rat. The rat barely misses you.
You closely miss the rat. The rat barely misses you.
You hit the rat.
The rat is heavily wounded.
The rat misses you.
You hit the rat.
You kill the rat!
No target in view!
You see here a rat corpse.
A goblin comes into view. It is wielding a +0 club.
Found 7 gold pieces.
The goblin shouts!
You reach to attack!
You hit the goblin but do no damage. You barely miss the goblin.
The goblin hits you but does no damage.
You closely miss the goblin. The goblin hits you but does no damage.
You barely miss the goblin. The goblin closely misses you.
You hit the goblin but do no damage. The goblin hits you with a +0 club.
You hit the goblin but do no damage. The goblin hits you but does no damage.
You closely miss the goblin. The goblin hits you with a +0 club.
You hit the goblin.
The goblin is heavily wounded.
The goblin hits you with a +0 club.
You hit the goblin but do no damage.
The goblin is heavily wounded.
The goblin closely misses you.
You closely miss the goblin.
The goblin is heavily wounded.
The goblin closely misses you.
You miss the goblin.
The goblin is heavily wounded.
The goblin hits you with a +0 club.
You closely miss the goblin.
The goblin is moderately wounded.
The goblin hits you with a +0 club.
You hit the goblin.
You kill the goblin!
You have reached level 3!
Your experience leads to an increase in your attributes!
Increase (S)trength, (I)ntelligence, or (D)exterity?
You feel stronger. x2; Your skin feels tougher.
You now have 34 gold pieces (gained 7).
You see here a +0 club.
You see here a +0 scale mail.
Found 5 stones.
m - 2 orange potions Done exploring.
Search for what [? for help]? d: Unknown command.
You see here 5 stones.
You open the door.
There is an open door here.
There is a stone staircase leading down here.
You climb downwards.
Found 3 stones.
There is a stone staircase leading up here.
There is a stone staircase leading up here.
Found 6 poisoned darts.
Found a stone staircase leading up.
Found a scroll labelled HIXKIT ISADO.
You see here 6 poisoned darts.
n - 6 poisoned darts A kobold comes into view.
It is wielding a +0 dagger.
The kobold shouts!
You reach to attack!
You hit the kobold.
The kobold is severely wounded.
You reach to attack!
You closely miss the kobold.
The kobold is severely wounded.
The kobold throws a stone.
The stone barely misses you.
You reach to attack!
You hit the kobold.
You kill the kobold!
No target in view!
No target in view!
Found 4 stones.
o - a scroll labelled HIXKIT ISADO You see here 4 stones.
You now have 41 gold pieces (gained 7).
Found a stone staircase leading down.
Found a stone staircase leading down.
l - 2 scrolls labelled HACIOC ZAR VEM (gained 1)
A hobgoblin comes into view.
The hobgoblin shouts!
You reach to attack!
You hit the hobgoblin but do no damage. You closely miss the hobgoblin.
The hobgoblin hits you.
You hit the hobgoblin.
The hobgoblin is moderately wounded.
The hobgoblin closely misses you.
You barely miss the hobgoblin.
The hobgoblin is moderately wounded.
The hobgoblin closely misses you.
You closely miss the hobgoblin.
The hobgoblin is moderately wounded.
The hobgoblin barely misses you.
You hit the hobgoblin but do no damage.
The hobgoblin is moderately wounded.
The hobgoblin hits you but does no damage.
You hit the hobgoblin.
You kill the hobgoblin!
No target in view!
HP restored.
You see here a hobgoblin corpse.
p - a scroll labelled LOMYSE NIGYDGH You open the door.
There is an open door here.
A hobgoblin comes into view.
The hobgoblin shouts!
You see here 14 gold pieces.
You hit the hobgoblin.
The hobgoblin is severely wounded.
The hobgoblin hits you.
You closely miss the hobgoblin.
The hobgoblin is severely wounded.
The hobgoblin hits you.
You hit the hobgoblin.
You kill the hobgoblin!
A giant cockroach comes into view.
A giant cockroach is nearby!
You reach to attack!
You hit the giant cockroach.
The giant cockroach is severely wounded.
You hit the giant cockroach.
The giant cockroach is severely wounded.
The giant cockroach misses you.
You hit the giant cockroach but do no damage.
The giant cockroach is severely wounded.
The giant cockroach bites you.
The giant cockroach bites you but does no damage.
You hit the giant cockroach.
You kill the giant cockroach!
No target in view!
You now have 55 gold pieces (gained 14).
Found a stone staircase leading down.
A rat comes into view.
The rat moves out of view.
A jackal comes into view.
The jackal closely misses you.
You hit the jackal.
The jackal is heavily wounded.
The jackal bites you.
The jackal bites you but does no damage.
You hit the jackal.
The jackal is almost dead.
The jackal barely misses you.
You miss the jackal.
The jackal is almost dead.
The jackal barely misses you.
You closely miss the jackal.
The jackal is almost dead.
The jackal barely misses you. x2
You hit the jackal.
You kill the jackal!
A jackal comes into view.
You reach to attack!
The helpless jackal fails to defend itself.
You hit the jackal.
You kill the jackal!
No target in view!
No target in view!
o - 2 scrolls labelled HIXKIT ISADO (gained 1)
A ball python comes into view.
The ball python hisses angrily.
You closely miss the ball python.
The ball python bites you but does no damage.
You barely miss the ball python. The ball python bites you. x2
You closely miss the ball python.
The ball python bites you but does no damage.
You hit the ball python.
The ball python is moderately wounded.
The ball python barely misses you.
You hit the ball python.
You kill the ball python!
No target in view!
You see here a ball python corpse.
A rat is nearby!
A rat is nearby!
You reach to attack!
You barely miss the rat. You hit the rat.
You kill the rat!
No target in view!
A goblin comes into view. It is wielding a +0 dagger.
Found a stone staircase leading up.
You reach to attack!
The helpless goblin fails to defend itself.
You hit the goblin.
The goblin is heavily wounded.
You closely miss the goblin.
The goblin is heavily wounded.
The goblin hits you with a +0 dagger.
You hit the goblin.
You kill the goblin!
No target in view!
You open the door.
There is an open door here.
An adder comes into view.
The adder hisses angrily.
You hit the adder. Your punch misses the adder.
The adder is lightly wounded.
The adder barely misses you. x2
You barely miss the adder.
The adder is lightly wounded.
The adder barely misses you.
You closely miss the adder.
The adder is lightly wounded.
The adder barely misses you.
You closely miss the adder.
The adder is lightly wounded.
The adder bites you.
You hit the adder.
The adder is heavily wounded.
The adder closely misses you.
You miss the adder.
The adder is heavily wounded.
The adder closely misses you.
You barely miss the adder.
The adder is heavily wounded.
The adder completely misses you. The adder bites you.
You barely miss the adder.
The adder is heavily wounded.
The adder closely misses you.
You barely miss the adder.
The adder is heavily wounded.
The adder bites you.
You closely miss the adder.
The adder is heavily wounded.
The adder bites you but does no damage.
You barely miss the adder.
The adder is heavily wounded.
The adder bites you. x2
You hit the adder but do no damage.
The adder is heavily wounded.
The adder bites you.
You hit the adder.
The adder is severely wounded.
The adder closely misses you.
You hit the adder.
You kill the adder!
Your Polearms skill increases to level 3!
No target in view!
You open the door.
Found an escape hatch in the floor.
There is an open door here.
h - 2 scrolls labelled CERUHA ZUGA (gained 1)
You see here a +0 robe.
q - a yellow potion You open the door.
There is an open door here.
You now have 68 gold pieces (gained 13).
A rat comes into view.
You hit the rat.
You kill the rat!
No target in view!
You see here a rat corpse.
A goblin comes into view. It is wielding a +0 dagger.
Found an escape hatch in the ceiling.
You barely miss the goblin. The goblin hits you with a +0 dagger.
You closely miss the goblin. The goblin hits you with a +0 dagger.
You hit the goblin.
You kill the goblin!
No target in view!
Things that are here:
a +0 dagger; a goblin corpse You see here a rat corpse.
A rat comes into view.
Found 15 gold pieces and a scroll labelled CIF CIKEODORGH.
You reach to attack!
The helpless rat fails to defend itself.
You hit the rat.
You kill the rat!
No target in view!
n - 10 poisoned darts (gained 4)
o - 3 scrolls labelled HIXKIT ISADO (gained 1)
r - a scroll labelled CIF CIKEODORGH
Found a robe.
No target in view!
You now have 83 gold pieces (gained 15).
A goblin comes into view. It is wielding a +0 dagger.
The goblin shouts!
Found 8 gold pieces.
You reach to attack!
You closely miss the goblin. You hit the goblin.
The goblin is severely wounded.
The goblin hits you with a +0 dagger.
You barely miss the goblin.
The goblin is severely wounded.
The goblin hits you with a +0 dagger.
You hit the goblin.
You kill the goblin!
No target in view!
Found 3 stones.
You now have 91 gold pieces (gained 8).
Found a cloak.
Found a robe.
An adder comes into view.
Found a yellow potion.
The adder hisses angrily.
You hear a shout!
A kobold comes into view. It is wielding a +0 dagger.
The kobold shouts!
The adder bites you.
A quokka comes into view.
The adder bites you.
You closely miss the adder. The adder closely misses you.
You closely miss the adder. The adder completely misses you.
You hit the adder. Your punch misses the adder.
The adder is moderately wounded.
The adder barely misses you.
A quokka comes into view.
The adder closely misses you.
You hit the adder.
The adder is severely wounded.
The adder bites you.
You barely miss the adder.
The adder is heavily wounded.
The adder bites you.
You barely miss the adder.
The adder is heavily wounded.
The adder closely misses you.
You miss the adder.
The adder is heavily wounded.
The adder closely misses you.
You miss the adder.
The adder is heavily wounded.
The adder bites you. The adder bites you but does no damage.
You hit the adder.
The adder is severely wounded.
The adder barely misses you.
You hit the adder.
You kill the adder!
The quokka barely misses you.
Your Stealth skill increases to level 2!
You have reached level 4!
You feel clever.
You hit the quokka but do no damage.
The quokka bites you but does no damage.
You hit the quokka.
The quokka is lightly wounded.
The quokka bites you.
You closely miss the quokka.
The quokka is lightly wounded.
The quokka closely misses you.
You miss the quokka.
The quokka is lightly wounded.
The quokka bites you.
You hit the quokka.
The quokka is severely wounded.
The quokka bites you.
You hit the quokka.
The quokka is almost dead.
The quokka bites you. x2
You hit the quokka.
You kill the quokka!
You closely miss the quokka. The quokka barely misses you.
The quokka bites you.
You are too injured to fight recklessly!
You are too injured to fight recklessly!
You are too injured to fight recklessly!
You hit the quokka but do no damage.
The quokka bites you but does no damage.
You hit the quokka.
The quokka is moderately wounded.
The quokka barely misses you.
You barely miss the quokka.
The quokka is moderately wounded.
The quokka bites you.
You barely miss the quokka.
The quokka is moderately wounded.
The quokka bites you.
* * * LOW HITPOINT WARNING * * *
You hit the quokka but do no damage.
The quokka is moderately wounded.
The quokka bites you.
* * * LOW HITPOINT WARNING * * *
You hit the quokka.
The quokka is almost dead.
The quokka barely misses you.
You hit the quokka but do no damage.
The quokka is almost dead.
The quokka closely misses you. The quokka barely misses you.
You hit the quokka.
You kill the quokka!
You hit the kobold.
The kobold is heavily wounded.
The kobold closely misses you.
You hit the kobold but do no damage.
The kobold is heavily wounded.
The kobold hits you but does no damage.
You hit the kobold but do no damage.
The kobold is heavily wounded.
The kobold hits you with a +0 dagger.
* * * LOW HITPOINT WARNING * * *
You closely miss the kobold.
The kobold is heavily wounded.
You hit the kobold.
You kill the kobold!
Things that are here:
a +0 dagger; a kobold corpse; a quokka corpse You start resting.
HP restored.
Things that are here:
a +0 dagger; a kobold corpse; a quokka corpse
Found a robe.
Found a mace.
You see here a +0 cloak.
s - a +0 cloak You start putting on your armour.
You continue putting on your +0 cloak. x4
You finish putting on your +0 cloak.
Found a dagger.
q - 2 yellow potions (gained 1)
A frilled lizard comes into view.
The frilled lizard hisses angrily.
You hit the frilled lizard.
You kill the frilled lizard!
No target in view!
o - 4 scrolls labelled HIXKIT ISADO (gained 1)
You see here a ring of see invisible.
Things that are here:
a +0 dagger; a stone Done exploring.
Done exploring.
Search for what [Enter for "d:", or ? for help]? d: Unknown command.
You open the door.
There is an open door here.
There is a stone staircase leading down here.
You climb downwards.
There is a stone staircase leading up here.
You reach to attack!
The helpless ball python fails to defend itself.
You hit the ball python.
You kill the ball python!
No target in view!
No target in view!
Found a robe.
A goblin comes into view. It is wielding a +0 dagger.
A goblin is nearby!
The goblin shouts!
You hear a shout!
A hobgoblin comes into view.
The goblin unwields a +0 dagger.
The goblin wields a +0 sling.
The goblin shoots a sling bullet.
The sling bullet hits you.
The goblin shoots a sling bullet.
The sling bullet hits you.
The goblin shoots a sling bullet.
The sling bullet hits you.
The goblin shoots a sling bullet.
The sling bullet barely misses you.
The goblin shoots a sling bullet.
The sling bullet hits you.
The goblin shoots a sling bullet.
The sling bullet barely misses you.
You hear a shout!
You hit the goblin.
The goblin is heavily wounded.
The goblin unwields a +0 sling.
The goblin wields a +0 dagger.
The goblin hits you with a +0 dagger.
You barely miss the goblin.
The goblin is heavily wounded.
The goblin misses you.
You closely miss the goblin.
The goblin is heavily wounded.
Grinder comes into view.
The goblin hits you but does no damage.
You hit the goblin.
You kill the goblin!
Grinder says, "Mostly I couldn't keep them alive."
You hit the hobgoblin but do no damage. The hobgoblin hits you.
Grinder blinks!
You hit the hobgoblin but do no damage.
The hobgoblin hits you but does no damage.
You hit the hobgoblin but do no damage. The hobgoblin barely misses you.
You hit the hobgoblin.
The hobgoblin is heavily wounded.
The hobgoblin hits you.
You barely miss the hobgoblin.
The hobgoblin is heavily wounded.
The hobgoblin hits you.
You closely miss the hobgoblin.
The hobgoblin is heavily wounded.
The hobgoblin completely misses you.
Grinder says, "Wait up."
You hit the hobgoblin.
The hobgoblin is severely wounded.
You hit the hobgoblin.
The hobgoblin is almost dead.
The hobgoblin hits you.
You hit the hobgoblin.
You kill the hobgoblin!
You barely miss Grinder.
Grinder says, "You look like you could use a good racking."
Grinder gestures at you. You resist with significant effort.
You hit Grinder but do no damage. Grinder hits you.
You writhe in agony.
It was a potion of heal wounds.
You feel much better. Grinder hits you.
You writhe in agony.
You hit Grinder but do no damage. Grinder closely misses you.
You barely miss Grinder. Grinder hits you!
You writhe in agony.
You closely miss Grinder. Grinder barely misses you.
You hit Grinder.
Grinder is lightly wounded.
Grinder hits you!
You barely miss Grinder.
Grinder is lightly wounded.
Grinder hits you.
You writhe in agony.
You barely miss Grinder.
Grinder is lightly wounded.
Grinder misses you.
You barely miss Grinder.
Grinder is lightly wounded.
Grinder hits you but does no damage.
You closely miss Grinder.
Grinder is lightly wounded.
Grinder blinks!
It was a potion of curing.
You feel better.
You reach to attack!
You hit Grinder.
Grinder is lightly wounded.
You reach to attack!
You hit Grinder.
Grinder is moderately wounded.
Grinder gestures at you.
You suddenly lose the ability to move!
You can move again.
Unknown command.
It was a potion of attraction.
You feel attractive to monsters. Grinder hits you.
You writhe in agony.
You hit Grinder.
Grinder is moderately wounded.
Grinder hits you.
You completely miss Grinder.
Grinder is moderately wounded.
Grinder hits you but does no damage.
It was a potion of resistance.
You feel protected. Grinder barely misses you.
You closely miss Grinder.
Grinder is moderately wounded.
A hobgoblin comes into view.
Grinder gestures at you.
You struggle to resist.
The hobgoblin is attracted toward you.
The hobgoblin shouts!
You hit Grinder but do no damage.
Grinder is moderately wounded.
The hobgoblin hits you but does no damage.
Grinder hits you.
* * * LOW HITPOINT WARNING * * *
You writhe in agony.
* * * LOW HITPOINT WARNING * * *
You feel much better. The hobgoblin barely misses you.
Grinder says, "There's only one good use for a tongue: cutting it out."
Grinder hits you but does no damage.
You barely miss Grinder.
Grinder is moderately wounded.
The hobgoblin closely misses you. Grinder hits you.
You writhe in agony.
You hit Grinder.
Grinder is heavily wounded.
The hobgoblin hits you but does no damage.
Grinder blinks!
Grinder is attracted toward you.
You hit the hobgoblin but do no damage. The hobgoblin hits you.
You hit the hobgoblin.
The hobgoblin is severely wounded.
The hobgoblin closely misses you.
You hit the hobgoblin.
You kill the hobgoblin!
Grinder gestures at you. Pain shoots through your body!
Grinder is attracted toward you.
You barely miss Grinder.
Grinder is moderately wounded.
Grinder gestures at you.
You struggle to resist.
It was a potion of brilliance.
You feel clever all of a sudden. Grinder hits you but does no damage.
It was a potion of flight.
You feel very buoyant.
You fly up into the air.
Grinder gestures at you.
You struggle to resist.
You hit Grinder.
Grinder is heavily wounded.
Grinder gestures at you. Pain shoots through your body!
* * * LOW HITPOINT WARNING * * *
Unknown command.
You feel better. Grinder barely misses you.
You hit Grinder.
Grinder is heavily wounded.
Grinder hits you but does no damage.
You hit Grinder.
Grinder is heavily wounded.
Grinder hits you but does no damage.
You barely miss Grinder.
Grinder is heavily wounded.
Grinder hits you.
* * * LOW HITPOINT WARNING * * *
You writhe in agony.
* * * LOW HITPOINT WARNING * * *
Unknown command.
Throw: 7 boomerangs (disperse)
Press: ? - help, Q - select action, (/) - cycle Shift-Dir - straight line, f/p - Grinder
Aim: Grinder (heavily wounded, 52% to hit)
You throw a boomerang of dispersal.
The boomerang of dispersal closely misses Grinder.
Grinder blinks!
Grinder is attracted toward you.
Throw: 6 boomerangs (disperse)
Press: ? - help, Q - select action, (/) - cycle Shift-Dir - straight line, f/p - Grinder
Aim: Grinder (translocational energy, heavily wounded, 52% to hit)
You throw a boomerang of dispersal.
The boomerang of dispersal hits Grinder and shatters for extra damage.
Grinder blinks!
Grinder is severely wounded.
Grinder is attracted toward you.
Unknown command.
Blink to where?
Press: ? - help, Dir - move target, p - Grinder
As you read the scroll of blinking, it crumbles to dust.
Grinder is attracted toward you. Grinder is attracted toward you.
Grinder attacks as you move away! Grinder completely misses you.
There is a stone staircase leading up here.
Throw: 5 boomerangs (disperse)
Press: ? - help, Q - select action, (/) - cycle Shift-Dir - straight line, f - Grinder
Aim: Grinder (severely wounded, 52% to hit)
You throw a boomerang of dispersal.
The boomerang of dispersal hits Grinder and shatters for extra damage.
Grinder blinks!
Grinder is severely wounded.
Grinder gestures at you.
You struggle to resist.
Grinder is attracted toward you.
Throw: 4 boomerangs (disperse)
Press: ? - help, Q - select action, (/) - cycle Shift-Dir - straight line, f/p - Grinder
Aim: Grinder (translocational energy, severely wounded, 52% to hit)
You throw a boomerang of dispersal.
The boomerang of dispersal barely misses Grinder.
Grinder gestures at you.
You suddenly lose the ability to move!
Grinder hits you!
You die...

Skill      XL: |  1  2  3 |
---------------+----------+-----
Throwing       | 1 |  1.0
Stealth        | 1 2 |  2.2
Polearms       | 3 |  3.2
Fighting       | |  2.6
Armour         | |  0.9
Dodging        | |  1.6
Spellcasting   | |  2.0
Translocations | |  3.0

Action                     |  1- 3 |  4- 6 || total
---------------------------+-------+-------++-------
  Melee: Spear             |   135 |    62 ||   197
  Throw: Boomerang         |       |     4 ||     4
    Use: Potion            |       |     8 ||     8
         Scroll            |       |     1 ||     1
   Stab: Sleeping          |     4 |     1 ||     5
 Armour: Leather armour    |    13 |    13 ||    26
  Dodge: Dodged            |    44 |    21 ||    65

Levels and vault maps discovered:
D:1:      minmay_arrival_up_and_down, layout_loops_ring, st_stairs_9,
          dreamdust_princess_corridor
D:2:      layout_basic, minmay_diced_spiral
D:3:      layout_loops_corners, uniq_ijyb, uniq_grinder

Notes
Turn   | Place    | Note
-------+----------+-------------------------------------------
     0 | D:1      | scionoferis the Naga Warper began the quest for the Orb.
     0 | D:1      | Reached XP level 1. HP: 19/19 MP: 3/3
    54 | D:1      | Reached skill level 1 in Throwing
   130 | D:1      | Reached XP level 2. HP: 26/26 MP: 5/5
   505 | D:1      | Reached skill level 1 in Stealth
   815 | D:1      | Reached XP level 3. HP: 17/32 MP: 6/6
  1167 | D:2      | Reached skill level 3 in Polearms
  1424 | D:2      | Reached skill level 2 in Stealth
  1424 | D:2      | Reached XP level 4. HP: 34/40 MP: 7/7
  1808 | D:3      | Noticed Grinder
  1832 | D:3      | Paralysed by Grinder for 2 turns
  1837 | D:3      | Identified a potion of resistance
  1854 | D:3      | HP: 3/40 [Grinder (6)]
  1862 | D:3      | Paralysed by Grinder for 2 turns
  1863 | D:3      | Slain by Grinder

Vanquished Creatures
  2 adders (D:2)
  2 dart slugs (D:1)
  4 ball pythons (D:1 D:2 D:3)
  2 endoplasms (D:1)
  A giant cockroach (D:2)
  7 goblins (D:1 D:2 D:3)
  5 hobgoblins (D:1 D:2 D:3)
  2 jackals (D:2)
  3 quokkas (D:1 D:2)
  A bat (D:1)
  4 frilled lizards (D:1 D:2)
  4 kobolds (D:1 D:2)
  6 rats (D:1 D:2)
43 creatures vanquished.

Table legend: (Time is in decaauts)
 A = Elapsed time spent in this place.
 B = Non-inter-level travel time spent in this place.
 C = Inter-level travel time spent in this place.
 D = Time resting spent in this place.
 E = Time spent auto-exploring this place.
 F = Levels seen in this place.
 G = Mean time per level.
                   A        B        C        D        E       F      G
               +--------+--------+--------+--------+--------+-----+--------+
         Total |   2333 |   2292 |     41 |    122 |   1758 |   3 |  777.7 |
       Dungeon |   2333 |   2292 |     41 |    122 |   1758 |   3 |  777.7 |
               +--------+--------+--------+--------+--------+-----+--------+

Top non-repeatable levels by time:
     D:1: 1202 daAuts
     D:2: 1051 daAuts
     D:3: 79 daAuts

Table legend:
 A = Non-vault XP
 B = Vault XP
 C = Vault XP percentage of total XP
 D = Non-vault monster count
 E = Vault monster count
 F = Vault count percentage of total count
                 A         B        C        D         E       F
            +---------+---------+-------+---------+---------+-------
      Total |      75 |      23 |  23.5 |      37 |       6 |  14.0
            +---------+---------+-------+---------+---------+-------
        D:1 |      29 |       6 |  17.1 |      17 |       3 |  15.0
        D:2 |      38 |      17 |  30.9 |      16 |       3 |  15.8
        D:3 |       8 |       0 |   0.0 |       4 |       0 |   0.0
            +---------+---------+-------+---------+---------+-------
